| TOP OF THE 1ST |
|
Lodi Crushers batting - Pitching for Visalia Mets : RHP Tom Rowe
|
|
Pitching: RHP Tom Rowe
|
|
|
Batting: LHB Adrian Zepeda
|
0-0: Ball 1-0: Ball 2-0: Ball 3-0: Called Strike 3-1: Foul Ball, location: 2F 3-2: Strikes out swinging
|
|
Batting: LHB Francisco Jabalera
|
0-0: Swinging Strike 0-1: Fly out, F4 (Popup, 4S, EV 74.4 MPH)
|
|
Batting: RHB Carmelo Martinez
|
0-0: Called Strike 0-1: SINGLE (Flyball, 8RS, EV 83.1 MPH)
|
|
Batting: RHB Ron Karkovice
|
0-0: Ball Wild Pitch! Carmelo Martinez to second 1-0: Called Strike 1-1: Foul Ball, location: 2F 1-2: Ball 2-2: Foul Ball, location: 2F 2-2: Ground out 6-3 (Groundball, 56, EV 82.5 MPH)
|
| Top of the 1st over - 0 runs, 1 hit, 0 errors, 1 left on base; Lodi 0 - Visalia 0 |
| BOTTOM OF THE 1ST |
|
Visalia Mets batting - Pitching for Lodi Crushers : LHP John Franco
|
|
Pitching: LHP John Franco
|
|
|
Batting: RHB Danny Ainge
|
0-0: Ball 1-0: Fly out, F8 (Flyball, 8LD, EV 80.0 MPH)
|
|
Batting: SHB David Navarro
|
0-0: Reached on error, E5 (Groundball, 56S, EV 65.0 MPH)
|
|
Batting: LHB Huey Gayden
|
0-0: Foul Ball, location: 2F 0-1: Ground out 4-3 (Groundball, 4, EV 82.5 MPH) David Navarro to third
|
|
Batting: LHB Pete Dalena
|
0-0: Ball 1-0: Foul Ball, location: 2F 1-1: Ball 2-1: Foul Ball, location: 2F 2-2: Ball 3-2: Foul Ball, location: 2F 3-2: Fly out, F7 (Flyball, 8LS, EV 87.5 MPH)
|
| Bottom of the 1st over - 0 runs, 0 hits, 1 error, 1 left on base; Lodi 0 - Visalia 0 |
| TOP OF THE 2ND |
|
Lodi Crushers batting - Pitching for Visalia Mets : RHP Tom Rowe
|
|
Batting: LHB Jeff Reed
|
0-0: Ball 1-0: Called Strike 1-1: Foul Ball, location: 2F 1-2: Ball 2-2: Ball 3-2: Foul Ball, location: 2F 3-2: Foul Ball, location: 2F 3-2: Ground out U3 (Groundball, 34, EV 84.4 MPH)
|
|
Batting: RHB Chris Baker
|
0-0: Called Strike 0-1: Fly out, F4 (Popup, 3S, EV 76.3 MPH)
|
|
Batting: RHB Steve Aragon
|
0-0: Called Strike 0-1: Fly out, F9 (Flyball, 9LM, EV 84.4 MPH)
|
| Top of the 2nd over - 0 runs, 0 hits, 0 errors, 0 left on base; Lodi 0 - Visalia 0 |
| BOTTOM OF THE 2ND |
|
Visalia Mets batting - Pitching for Lodi Crushers : LHP John Franco
|
|
Batting: SHB Marcos Gomez
|
0-0: Called Strike 0-1: Ball 1-1: Ground out 5-3 (Groundball, 56S, EV 80.0 MPH)
|
|
Batting: RHB Ed Sedar
|
0-0: Swinging Strike 0-1: Ball 1-1: Ground out 6-3 (Groundball, 6, EV 93.1 MPH)
|
|
Batting: RHB Ken Frazier
|
0-0: Ball 1-0: Foul Ball, location: 2F 1-1: Ball 2-1: Ball 3-1: Called Strike 3-2: Strikes out looking
|
| Bottom of the 2nd over - 0 runs, 0 hits, 0 errors, 0 left on base; Lodi 0 - Visalia 0 |
| TOP OF THE 3RD |
|
Lodi Crushers batting - Pitching for Visalia Mets : RHP Tom Rowe
|
|
Batting: SHB Leon Baham
|
0-0: Ball 1-0: Ball 2-0: Swinging Strike 2-1: Foul Ball, location: 2F 2-2: Ground out 4-3 (Groundball, 4, EV 102.5 MPH)
|
|
Batting: RHB Kerry Baker
|
0-0: Ball 1-0: Called Strike 1-1: Swinging Strike 1-2: Foul Ball, location: 2F 1-2: Ball 2-2: DOUBLE (Flyball, 9LD, EV 101.3 MPH)
|
|
Batting: LHB Adrian Zepeda
|
0-0: Ball 1-0: Ball 2-0: Foul Ball, location: 2F 2-1: SINGLE (Groundball, 3D, EV 98.1 MPH) Kerry Baker to third Runner from 3rd tries for Home, SAFE, throw by RF to home Adrian Zepeda to second
|
|
Batting: LHB Francisco Jabalera
|
0-0: Called Strike 0-1: Ball 1-1: Foul Ball, location: 2F 1-2: Ground out 6-3 (Groundball, 6, EV 92.5 MPH) Adrian Zepeda to third
|
|
Batting: RHB Carmelo Martinez
|
0-0: Foul Ball, location: 2F 0-1: Called Strike 0-2: Ball 1-2: Foul Ball, location: 2F 1-2: Ball 2-2: Foul Ball, location: 2F 2-2: Fly out, F8 (Flyball, 8LS, EV 73.1 MPH)
|
| Top of the 3rd over - 1 run, 2 hits, 0 errors, 1 left on base; Lodi 1 - Visalia 0 |
| BOTTOM OF THE 3RD |
|
Visalia Mets batting - Pitching for Lodi Crushers : LHP John Franco
|
|
Batting: RHB Gabriel de la Sancha
|
0-0: Ball 1-0: Foul Ball, location: 2F 1-1: Fly out, F7 (Line Drive, 7D, EV 91.9 MPH)
|
|
Batting: RHB Eddie Dennis
|
0-0: Ball 1-0: Fly out, F7 (Flyball, 7, EV 91.3 MPH)
|
|
Batting: RHB Danny Ainge
|
0-0: Ball 1-0: Foul Ball, location: 2F 1-1: Foul Ball, location: 2F 1-2: Ground out 6-3 (Groundball, 6, EV 97.5 MPH)
|
| Bottom of the 3rd over - 0 runs, 0 hits, 0 errors, 0 left on base; Lodi 1 - Visalia 0 |
| TOP OF THE 4TH |
|
Lodi Crushers batting - Pitching for Visalia Mets : RHP Tom Rowe
|
|
Batting: RHB Ron Karkovice
|
0-0: Ball 1-0: Ball 2-0: Ball 3-0: Called Strike 3-1: Ground out 3-1 (Groundball, 34S, EV 83.8 MPH)
|
|
Batting: LHB Jeff Reed
|
0-0: Called Strike 0-1: Called Strike 0-2: Fly out, F7 (Flyball, 78S, EV 93.8 MPH)
|
|
Batting: RHB Chris Baker
|
0-0: Called Strike 0-1: Swinging Strike 0-2: SINGLE (Groundball, 34D, EV 93.8 MPH)
|
|
Batting: RHB Steve Aragon
|
0-0: Ball 1-0: Called Strike 1-1: Fielders Choice at 2nd, 4-6 (Groundball, 4MD, EV 106.9 MPH)
|
| Top of the 4th over - 0 runs, 1 hit, 0 errors, 1 left on base; Lodi 1 - Visalia 0 |
| BOTTOM OF THE 4TH |
|
Visalia Mets batting - Pitching for Lodi Crushers : LHP John Franco
|
|
Batting: SHB David Navarro
|
0-0: Ground out 5-3 (Groundball, 56, EV 88.8 MPH)
|
|
Batting: LHB Huey Gayden
|
0-0: Ball 1-0: Foul Ball, location: 2F 1-1: SINGLE (Line Drive, 8LS, EV 100.6 MPH)
|
|
Batting: LHB Pete Dalena
|
0-0: Called Strike 0-1: Ball 1-1: Ball 2-1: Called Strike 2-2: SINGLE (Groundball, 56, EV 93.8 MPH) Huey Gayden to second
|
|
Batting: SHB Marcos Gomez
|
0-0: Called Strike 0-1: Foul Ball, location: 2F 0-2: Ball 1-2: SINGLE (Line Drive, 34D, EV 105.0 MPH) Huey Gayden to third Pete Dalena to second Runner from 3rd tries for Home, throw by RF and OUT! 9-2
|
|
Batting: RHB Ed Sedar
|
0-0: Ball 1-0: Called Strike 1-1: Foul Ball, location: 2F 1-2: Ball 2-2: Foul Ball, location: 2F 2-2: Fly out, F8 (Flyball, 8LXD, EV 92.5 MPH)
|
| Bottom of the 4th over - 0 runs, 3 hits, 0 errors, 2 left on base; Lodi 1 - Visalia 0 |
| TOP OF THE 5TH |
|
Lodi Crushers batting - Pitching for Visalia Mets : RHP Tom Rowe
|
|
Batting: SHB Leon Baham
|
0-0: Swinging Strike 0-1: Ball 1-1: Ball 2-1: Foul Ball, location: 2F 2-2: Ball 3-2: Base on Balls
|
|
Batting: RHB Kerry Baker
|
0-0: Ball 1-0: Called Strike 1-1: Ball 2-1: SINGLE (Groundball, 4S, EV 61.9 MPH) (infield hit) Leon Baham to second
|
|
Batting: LHB Adrian Zepeda
|
0-0: Sac Bunt to 2L - play at first, batter OUT! 2-4 Leon Baham to third Kerry Baker to second
|
|
Batting: LHB Francisco Jabalera
|
0-0: Ball 1-0: Ball 2-0: Swinging Strike 2-1: Ball 3-1: Called Strike 3-2: Ground out U3 (Groundball, 3, EV 85.0 MPH)
|
|
Batting: RHB Carmelo Martinez
|
0-0: Ball 1-0: Ball 2-0: Swinging Strike 2-1: Ball 3-1: Base on Balls
|
|
Batting: RHB Ron Karkovice
|
0-0: Ball 1-0: Called Strike 1-1: Foul Ball, location: 2F 1-2: Strikes out looking
|
| Top of the 5th over - 0 runs, 1 hit, 0 errors, 3 left on base; Lodi 1 - Visalia 0 |
| BOTTOM OF THE 5TH |
|
Visalia Mets batting - Pitching for Lodi Crushers : LHP John Franco
|
|
Batting: RHB Ken Frazier
|
0-0: SINGLE (Groundball, 56D, EV 101.3 MPH)
|
|
Batting: RHB Gabriel de la Sancha
|
0-0: Ball 1-0: SINGLE (Line Drive, 56D, EV 94.4 MPH) Ken Frazier to second
|
|
Batting: RHB Eddie Dennis
|
0-0: Bunt missed! 0-1: Sac Bunt to P - play at first, batter OUT! 1-4 Ken Frazier to third Gabriel de la Sancha to second
|
|
Batting: RHB Danny Ainge
|
0-0: SINGLE (Groundball, 5S, EV 70.0 MPH) (infield hit) Ken Frazier scores Gabriel de la Sancha to third
|
|
Batting: SHB David Navarro
|
0-0: Fly out, F9 (Line Drive, 9, EV 90.6 MPH) Runner from 3rd tags up, SCORES, throw by RF
|
|
Batting: LHB Huey Gayden
|
0-0: Ball 1-0: SINGLE (Groundball, 6D, EV 106.3 MPH) Danny Ainge to second
|
|
Batting: LHB Pete Dalena
|
0-0: Called Strike 0-1: Called Strike 0-2: Strikes out swinging
|
| Bottom of the 5th over - 2 runs, 4 hits, 0 errors, 2 left on base; Lodi 1 - Visalia 2 |
| TOP OF THE 6TH |
|
Lodi Crushers batting - Pitching for Visalia Mets : RHP Tom Rowe
|
|
Batting: LHB Jeff Reed
|
0-0: Foul Ball, location: 2F 0-1: Ball 1-1: Ball 2-1: Fly out, F7 (Flyball, 78D, EV 90.6 MPH)
|
|
Batting: RHB Chris Baker
|
0-0: Ball 1-0: Ground out 5-3 (Groundball, 56S, EV 85.0 MPH)
|
|
Batting: RHB Steve Aragon
|
0-0: Ball 1-0: Called Strike 1-1: Ball 2-1: Swinging Strike 2-2: Foul Ball, location: 2F 2-2: SINGLE (Line Drive, 56, EV 96.3 MPH)
|
|
Batting: SHB Leon Baham
|
0-0: Ball 1-0: Ball 2-0: Ground out 4-3 (Groundball, 4, EV 96.3 MPH)
|
| Top of the 6th over - 0 runs, 1 hit, 0 errors, 1 left on base; Lodi 1 - Visalia 2 |
| BOTTOM OF THE 6TH |
|
Visalia Mets batting - Pitching for Lodi Crushers : LHP John Franco
|
|
Batting: SHB Marcos Gomez
|
0-0: Swinging Strike 0-1: Ball 1-1: Called Strike 1-2: Fly out, F7 (Flyball, 7S, EV 93.1 MPH)
|
|
Batting: RHB Ed Sedar
|
0-0: Called Strike 0-1: Ball 1-1: Fly out, F8 (Line Drive, 8LD, EV 92.5 MPH)
|
|
Batting: RHB Ken Frazier
|
0-0: Ball 1-0: Ball 2-0: Ball 3-0: Called Strike 3-1: Fly out, F8 (Flyball, 89D, EV 90.0 MPH)
|
| Bottom of the 6th over - 0 runs, 0 hits, 0 errors, 0 left on base; Lodi 1 - Visalia 2 |
| TOP OF THE 7TH |
|
Lodi Crushers batting - Pitching for Visalia Mets : RHP Tom Rowe
|
|
Batting: RHB Kerry Baker
|
0-0: SINGLE (Flyball, 4D, EV 93.8 MPH)
|
|
Batting: LHB Adrian Zepeda
|
0-0: Sac Bunt to 25 - play at first, batter OUT! 5-4 Kerry Baker to second
|
|
Batting: LHB Francisco Jabalera
|
0-0: Ground out 4-3 (Groundball, 34, EV 89.4 MPH) Kerry Baker to third
|
|
Batting: RHB Carmelo Martinez
|
0-0: Ball 1-0: Ball 2-0: Ball 3-0: Base on Balls
|
|
Batting: RHB Ron Karkovice
|
0-0: Ball 1-0: Called Strike 1-1: Foul Ball, location: 2F 1-2: Ground out 4-3 (Groundball, 34, EV 91.9 MPH)
|
| Top of the 7th over - 0 runs, 1 hit, 0 errors, 2 left on base; Lodi 1 - Visalia 2 |
| BOTTOM OF THE 7TH |
|
Visalia Mets batting - Pitching for Lodi Crushers : LHP John Franco
|
|
Batting: RHB Gabriel de la Sancha
|
0-0: Foul Ball, location: 2F 0-1: Foul Ball, location: 2F 0-2: Foul Ball, location: 2F 0-2: Ball 1-2: Fly out, F7 (Flyball, 7LM, EV 94.4 MPH)
|
|
Batting: RHB Eddie Dennis
|
0-0: Ball 1-0: Foul Ball, location: 2F 1-1: Foul Ball, location: 2F 1-2: SINGLE (Groundball, 56, EV 106.9 MPH) (infield hit)
|
|
Batting: RHB Danny Ainge
|
0-0: Foul Ball, location: 2F 0-1: Called Strike 0-2: Ball 1-2: Foul Ball, location: 2F 1-2: SINGLE (Line Drive, 9S, EV 110.6 MPH) Eddie Dennis to second
|
|
Batting: SHB David Navarro
|
0-0: Ball 1-0: Grounds into double play, 6-4-3 (Groundball, 6, EV 80.0 MPH)
|
| Bottom of the 7th over - 0 runs, 2 hits, 0 errors, 1 left on base; Lodi 1 - Visalia 2 |
| TOP OF THE 8TH |
|
Lodi Crushers batting - Pitching for Visalia Mets : RHP Tom Rowe
|
|
Batting: LHB Jeff Reed
|
0-0: SINGLE (Groundball, 25, EV 73.1 MPH) (infield hit)
|
|
Pinch Hitting: SHB Michael Madril
|
0-0: Ball 1-0: Ball 2-0: Ball 3-0: Swinging Strike 3-1: Fly out, F7 (Flyball, 78D, EV 100.0 MPH)
|
|
Pinch Hitting: LHB Roger Frash
|
0-0: Called Strike 0-1: Ball 1-1: Foul Ball, location: 2F 1-2: Ball 2-2: Ball 3-2: Foul Ball, location: 2F 3-2: Foul Ball, location: 2F 3-2: SINGLE (Groundball, 4MD, EV 100.6 MPH) Jeff Reed to second
|
|
Pinch Hitting: LHB Robbie Geels
|
0-0: Ball 1-0: Swinging Strike 1-1: Grounds into double play, 4-6-3 (Groundball, 4, EV 99.4 MPH)
|
| Top of the 8th over - 0 runs, 2 hits, 0 errors, 1 left on base; Lodi 1 - Visalia 2 |
| BOTTOM OF THE 8TH |
|
Visalia Mets batting - Pitching for Lodi Crushers : LHP John Franco
|
|
Now at 2B: Andy Vargas
|
|
|
Now at SS: Jose Morales
|
|
|
Now in CF: Rickey Coleman
|
|
|
Batting: LHB Huey Gayden
|
0-0: Swinging Strike 0-1: Ball 1-1: Ground out 4-3 (Groundball, 4M, EV 86.3 MPH)
|
|
Batting: LHB Pete Dalena
|
0-0: Called Strike 0-1: Ball 1-1: Ball 2-1: Fly out, F8 (Flyball, 8LD, EV 100.0 MPH)
|
|
Batting: SHB Marcos Gomez
|
0-0: Ball 1-0: Foul Ball, location: 2F 1-1: Ball 2-1: Ground out 1-3 (Groundball, 15S, EV 65.0 MPH)
|
| Bottom of the 8th over - 0 runs, 0 hits, 0 errors, 0 left on base; Lodi 1 - Visalia 2 |
| TOP OF THE 9TH |
|
Lodi Crushers batting - Pitching for Visalia Mets : RHP Tom Rowe
|
|
Pitching: RHP Dennis Long
|
|
|
Batting: RHB Kerry Baker
|
0-0: Called Strike 0-1: Called Strike 0-2: Ball 1-2: Ball 2-2: Foul Ball, location: 2F 2-2: Ball 3-2: Foul Ball, location: 2F 3-2: Ground out 6-3 (Groundball, 56S, EV 85.0 MPH)
|
|
Batting: LHB Adrian Zepeda
|
0-0: Ball 1-0: Called Strike 1-1: Swinging Strike 1-2: Ball 2-2: Strikes out swinging
|
|
Batting: LHB Francisco Jabalera
|
0-0: Called Strike 0-1: Called Strike 0-2: Foul Ball, location: 2F 0-2: Ball 1-2: SINGLE (Groundball, 25, EV 76.3 MPH) (infield hit)
|
|
Batting: RHB Carmelo Martinez
|
0-0: Ball 1-0: Called Strike 1-1: Swinging Strike 1-2: Ball 2-2: Foul Ball, location: 2F 2-2: Fly out, F8 (Flyball, 89D, EV 105.6 MPH)
|
| Top of the 9th over - 0 runs, 1 hit, 0 errors, 1 left on base; Lodi 1 - Visalia 2 |
|